[ AOE2 MATCH · #507222019 ]
UnrankedVikings vs Vikings
Player's team · WIN
Rival team · LOSS
[ REPLAY ANALYSIS · EXTRACTED FROM THE RECORDED GAME ]
Feudal
10:56
Castle
20:27
Imperial
35:05
| APM avg | 65.1 |
| APM peak | 114 |
| eAPM avg | 26.8 |
| Villagers / military | 169 / 167 |
Focus
⚔️ 28.2% · 🌾 71.8%
Archer ×157 · Militia ×5 · Trebuchet (Packed) ×4 · Mangonel ×1
Feudal
9:19
Castle
19:54
Imperial
35:47
| APM avg | 39.7 |
| APM peak | 71 |
| eAPM avg | 25.0 |
| Villagers / military | 136 / 80 |
Focus
⚔️ 37.0% · 🌾 63.0%
Archer ×41 · Skirmisher ×23 · Scorpion ×7 · Monk ×2 · Militia ×2 · Mangonel ×2
Match map
Initial resources + every placement click. Lines = walls · curves = elevation contours. ◆ gold · ⬟ stone · ● berries · ✦ relic · ◌ wall gap
Your base· Open — unwalled flank
Gustav's base· Open — 7t gap
Smoothed initial terrain · ◌ = detected wall gap · hover for details
Inputs per minute
— Killing_Bambi - - Gustav
Build order — Killing_Bambi
First 150 of 452 actions detected
| 0:01 | Queue | Villager (Male) |
| 0:01 | Queue | Villager (Male) |
| 0:01 | Queue | Villager (Male) |
| 0:02 | Build | House |
| 0:03 | Build | House |
| 0:04 | Queue | Villager (Male) |
| 1:25 | Queue | Villager (Male) |
| 1:25 | Queue | Villager (Male) |
| 1:55 | Build | Lumber Camp |
| 1:57 | Queue | Villager (Male) |
| 1:58 | Queue | Villager (Male) |
| 2:18 | Queue | Villager (Male) |
| 2:18 | Queue | Villager (Male) |
| 2:46 | Queue | Villager (Male) |
| 2:46 | Queue | Villager (Male) |
| 3:01 | Queue | Villager (Male) |
| 3:01 | Queue | Villager (Male) |
| 3:34 | Queue | Villager (Male) |
| 3:35 | Queue | Villager (Male) |
| 3:49 | Build | House |
| 3:49 | Queue | Villager (Male) |
| 3:50 | Queue | Villager (Male) |
| 4:19 | Queue | Villager (Male) |
| 4:19 | Queue | Villager (Male) |
| 4:30 | Build | Barracks |
| 4:37 | Queue | Villager (Male) |
| 5:08 | Build | House |
| 5:08 | Build | House |
| 5:17 | Queue | Villager (Male) |
| 5:25 | Queue | Militia |
| 5:25 | Queue | Militia |
| 5:25 | Queue | Militia |
| 5:45 | Queue | Villager (Male) |
| 5:47 | Queue | Militia |
| 5:52 | Build | House |
| 5:59 | Queue | Villager (Male) |
| 6:14 | Queue | Militia |
| 6:22 | Build | Mill |
| 6:25 | Queue | Villager (Male) |
| 6:45 | Queue | Villager (Male) |
| 6:55 | Queue | Villager (Male) |
| 7:30 | Queue | Villager (Male) |
| 7:57 | Research | Loom |
| 8:42 | Research | Feudal Age |
| 8:43 | Research | Feudal Age |
| 8:59 | Build | Lumber Camp |
| 9:15 | Build | Mining Camp |
| 9:25 | Queue | Villager (Male) |
| 10:24 | Build | Farm |
| 10:28 | Build | Farm |
| 10:38 | Queue | Villager (Male) |
| 10:56 | Age | Feudal Age |
| 10:57 | Build | Archery Range |
| 11:03 | Research | Double-Bit Axe |
| 11:03 | Research | Double-Bit Axe |
| 11:06 | Queue | Villager (Male) |
| 11:36 | Queue | Archer |
| 11:36 | Queue | Archer |
| 11:42 | Queue | Villager (Male) |
| 11:50 | Build | Blacksmith |
| 11:53 | Queue | Villager (Male) |
| 12:05 | Build | House |
| 12:30 | Research | Fletching |
| 12:31 | Queue | Villager (Male) |
| 12:36 | Build | House |
| 12:44 | Queue | Archer |
| 12:54 | Queue | Villager (Male) |
| 13:01 | Build | Farm |
| 13:02 | Build | Farm |
| 13:07 | Queue | Villager (Male) |
| 13:13 | Build | Palisade Wall |
| 13:15 | Build | Palisade Wall |
| 13:17 | Queue | Villager (Male) |
| 13:22 | Queue | Archer |
| 13:25 | Research | Padded Archer Armor |
| 13:25 | Queue | Villager (Male) |
| 13:28 | Queue | Archer |
| 13:28 | Queue | Archer |
| 13:33 | Build | Farm |
| 13:34 | Build | Farm |
| 14:01 | Queue | Archer |
| 14:16 | Queue | Archer |
| 14:17 | Queue | Villager (Male) |
| 14:18 | Queue | Villager (Male) |
| 14:20 | Build | Farm |
| 14:23 | Build | Farm |
| 14:25 | Build | Farm |
| 14:25 | Build | Farm |
| 14:36 | Queue | Archer |
| 14:44 | Build | Farm |
| 14:52 | Build | House |
| 14:53 | Build | House |
| 15:07 | Build | Farm |
| 15:09 | Build | Farm |
| 15:14 | Build | House |
| 15:22 | Queue | Villager (Male) |
| 15:31 | Queue | Villager (Male) |
| 15:36 | Build | Farm |
| 15:55 | Queue | Villager (Male) |
| 15:57 | Build | Farm |
| 16:02 | Build | Farm |
| 16:07 | Build | Farm |
| 16:10 | Queue | Villager (Male) |
| 16:15 | Queue | Archer |
| 16:26 | Build | Palisade Wall |
| 16:36 | Queue | Villager (Male) |
| 16:50 | Build | Farm |
| 17:16 | Build | Market |
| 17:26 | Queue | Archer |
| 17:26 | Queue | Archer |
| 17:47 | Research | Castle Age |
| 17:47 | Research | Castle Age |
| 18:17 | Build | House |
| 18:18 | Build | House |
| 18:25 | Build | Archery Range |
| 18:34 | Queue | Villager (Male) |
| 18:43 | Research | Gold Mining |
| 18:44 | Research | Gold Mining |
| 18:45 | Queue | Archer |
| 19:06 | Research | Horse Collar |
| 19:06 | Research | Horse Collar |
| 19:08 | Queue | Villager (Male) |
| 19:17 | Build | House |
| 19:22 | Queue | Archer |
| 19:23 | Queue | Archer |
| 19:28 | Queue | Archer |
| 19:36 | Build | House |
| 19:40 | Build | House |
| 20:27 | Age | Castle Age |
| 20:28 | Research | Crossbowman (upgrade) |
| 20:28 | Research | Crossbowman (upgrade) |
| 20:30 | Research | Bodkin Arrow |
| 20:30 | Research | Bodkin Arrow |
| 20:48 | Build | Town Center |
| 20:52 | Queue | Villager (Male) |
| 21:05 | Queue | Archer |
| 21:06 | Queue | Archer |
| 21:06 | Queue | Archer |
| 21:22 | Queue | Villager (Male) |
| 21:28 | Queue | Villager (Male) |
| 21:37 | Build | House |
| 22:01 | Queue | Villager (Male) |
| 22:02 | Queue | Villager (Male) |
| 22:02 | Queue | Villager (Male) |
| 22:07 | Queue | Villager (Male) |
| 22:07 | Queue | Villager (Male) |
| 22:08 | Queue | Villager (Male) |
| 22:16 | Queue | Archer |
| 22:37 | Queue | Villager (Male) |
| 22:37 | Queue | Villager (Male) |
Build order — Gustav
First 150 of 378 actions detected
| 0:00 | Queue | Villager (Male) |
| 0:01 | Queue | Villager (Male) |
| 0:02 | Build | House |
| 0:04 | Build | House |
| 0:09 | Queue | Villager (Male) |
| 0:10 | Queue | Villager (Male) |
| 0:10 | Queue | Villager (Male) |
| 1:25 | Queue | Villager (Male) |
| 1:44 | Build | Lumber Camp |
| 2:02 | Queue | Villager (Male) |
| 2:02 | Queue | Villager (Male) |
| 2:29 | Queue | Villager (Male) |
| 2:29 | Queue | Villager (Male) |
| 2:53 | Queue | Villager (Male) |
| 3:05 | Queue | Villager (Male) |
| 3:06 | Queue | Villager (Male) |
| 3:35 | Build | House |
| 3:39 | Queue | Villager (Male) |
| 3:58 | Queue | Villager (Male) |
| 3:58 | Queue | Villager (Male) |
| 4:00 | Build | House |
| 4:00 | Build | Palisade Wall |
| 4:27 | Queue | Villager (Male) |
| 4:40 | Queue | Villager (Male) |
| 5:08 | Queue | Villager (Male) |
| 5:47 | Queue | Villager (Male) |
| 5:53 | Build | Barracks |
| 6:02 | Queue | Villager (Male) |
| 6:03 | Research | Loom |
| 6:07 | Build | Palisade Wall |
| 6:29 | Build | Palisade Wall |
| 7:09 | Research | Feudal Age |
| 7:47 | Queue | Militia |
| 7:47 | Queue | Militia |
| 7:52 | Build | Lumber Camp |
| 8:13 | Build | Palisade Wall |
| 8:14 | Build | Palisade Wall |
| 8:17 | Build | Palisade Wall |
| 8:21 | Queue | Villager (Male) |
| 8:34 | Build | Palisade Wall |
| 8:38 | Build | Palisade Wall |
| 8:40 | Build | Palisade Wall |
| 8:59 | Build | House |
| 9:06 | Queue | Villager (Male) |
| 9:19 | Age | Feudal Age |
| 9:29 | Build | House |
| 9:30 | Build | House |
| 9:38 | Research | Double-Bit Axe |
| 9:52 | Build | Mining Camp |
| 10:02 | Queue | Villager (Male) |
| 10:19 | Build | Mill |
| 10:25 | Queue | Villager (Male) |
| 11:03 | Queue | Villager (Male) |
| 11:03 | Queue | Villager (Male) |
| 11:08 | Build | Farm |
| 11:10 | Build | Farm |
| 11:13 | Build | Farm |
| 11:14 | Build | Farm |
| 11:22 | Build | Archery Range |
| 11:35 | Queue | Villager (Male) |
| 11:35 | Queue | Villager (Male) |
| 11:37 | Build | Farm |
| 11:55 | Build | Farm |
| 12:09 | Queue | Villager (Male) |
| 12:18 | Queue | Archer |
| 12:20 | Queue | Villager (Male) |
| 12:21 | Queue | Villager (Male) |
| 12:21 | Build | Farm |
| 12:33 | Build | Blacksmith |
| 12:39 | Queue | Skirmisher |
| 12:44 | Queue | Villager (Male) |
| 13:03 | Queue | Villager (Male) |
| 13:13 | Build | Farm |
| 13:15 | Build | Farm |
| 13:20 | Queue | Skirmisher |
| 13:28 | Build | House |
| 13:32 | Queue | Villager (Male) |
| 13:34 | Build | Farm |
| 13:39 | Queue | Skirmisher |
| 13:55 | Queue | Villager (Male) |
| 14:11 | Research | Fletching |
| 14:18 | Queue | Skirmisher |
| 14:18 | Queue | Skirmisher |
| 14:23 | Build | Farm |
| 14:26 | Build | Farm |
| 14:31 | Queue | Villager (Male) |
| 14:34 | Build | Farm |
| 14:56 | Build | Farm |
| 14:59 | Queue | Villager (Male) |
| 15:11 | Queue | Villager (Male) |
| 15:39 | Queue | Villager (Male) |
| 15:42 | Build | Farm |
| 15:48 | Build | Farm |
| 15:56 | Queue | Skirmisher |
| 15:56 | Queue | Skirmisher |
| 15:58 | Queue | Villager (Male) |
| 16:24 | Build | Market |
| 16:32 | Queue | Villager (Male) |
| 16:46 | Build | Farm |
| 17:14 | Research | Castle Age |
| 17:14 | Research | Castle Age |
| 17:27 | Queue | Skirmisher |
| 17:32 | Build | House |
| 17:34 | Research | Gold Mining |
| 17:39 | Research | Horse Collar |
| 17:40 | Build | House |
| 17:48 | Build | House |
| 17:49 | Build | House |
| 17:55 | Research | Padded Archer Armor |
| 17:57 | Research | Gold Mining |
| 18:10 | Queue | Skirmisher |
| 18:17 | Queue | Archer |
| 18:17 | Queue | Archer |
| 18:21 | Queue | Spearman |
| 18:22 | Queue | Spearman |
| 18:54 | Research | Town Watch |
| 18:56 | Queue | Villager (Male) |
| 19:05 | Queue | Archer |
| 19:54 | Age | Castle Age |
| 19:55 | Research | Crossbowman (upgrade) |
| 19:59 | Research | Bow Saw |
| 20:06 | Research | Bodkin Arrow |
| 20:25 | Queue | Villager (Male) |
| 20:37 | Queue | Villager (Male) |
| 20:46 | Queue | Archer |
| 21:15 | Queue | Villager (Male) |
| 21:16 | Queue | Archer |
| 21:16 | Queue | Archer |
| 21:19 | Build | Siege Workshop |
| 21:24 | Queue | Archer |
| 21:53 | Build | Siege Workshop |
| 22:07 | Queue | Villager (Male) |
| 22:07 | Queue | Villager (Male) |
| 22:09 | Research | Leather Archer Armor |
| 22:39 | Queue | Mangonel |
| 22:59 | Queue | Villager (Male) |
| 23:00 | Queue | Villager (Male) |
| 23:13 | Queue | Villager (Male) |
| 23:45 | Queue | Scorpion |
| 23:53 | Build | Town Center |
| 23:58 | Build | Farm |
| 24:01 | Queue | Villager (Male) |
| 24:35 | Queue | Villager (Male) |
| 24:51 | Queue | Archer |
| 24:51 | Queue | Archer |
| 25:00 | Queue | Villager (Male) |
| 25:00 | Queue | Villager (Male) |
| 25:06 | Queue | Archer |
| 25:10 | Queue | Villager (Male) |
| 25:11 | Queue | Villager (Male) |
Match timeline
| 4:00 | Gustav · wall_segment Palisade Wall x1 |
| 4:30 | Killing_Bambi · first_building Barracks |
| 5:53 | Gustav · first_building Barracks |
| 6:07 | Gustav · wall_segment Palisade Wall x4 |
| 6:29 | Gustav · wall_segment Palisade Wall x1 |
| 8:13 | Gustav · wall_segment Palisade Wall x2 |
| 8:14 | Gustav · wall_segment Palisade Wall x1 |
| 8:17 | Gustav · wall_segment Palisade Wall x5 |
| 8:34 | Gustav · wall_segment Palisade Wall x1 |
| 8:38 | Gustav · wall_segment Palisade Wall x1 |
| 8:40 | Gustav · wall_segment Palisade Wall x1 |
| 9:19 | Gustav · age_up feudal |
| 10:56 | Killing_Bambi · age_up feudal |
| 10:57 | Killing_Bambi · first_building Archery Range |
| 11:22 | Gustav · first_building Archery Range |
| 13:13 | Killing_Bambi · wall_segment Palisade Wall x6 |
| 13:15 | Killing_Bambi · wall_segment Palisade Wall x11 |
| 16:26 | Killing_Bambi · wall_segment Palisade Wall x9 |
| 17:46 | Killing_Bambi · first_market_buy 100 food |
| 19:54 | Gustav · age_up castle |
| 20:27 | Killing_Bambi · age_up castle |
| 21:19 | Gustav · first_building Siege Workshop |
| 22:38 | Gustav · first_market_sell 100 food |
| 24:46 | Gustav · first_market_buy 100 wood |
| 30:24 | Gustav · first_building Monastery |
| 31:02 | Killing_Bambi · first_building Siege Workshop |
| 34:23 | Killing_Bambi · first_building Castle |
| 34:33 | Killing_Bambi · first_market_sell 100 food |
| 35:05 | Killing_Bambi · age_up imperial |
| 35:42 | Gustav · first_building Castle |
| 35:47 | Gustav · age_up imperial |
| 39:39 | Killing_Bambi · first_building Stable |
| 40:01 | Gustav · resign |
[ AI ANALYSIS · 1 CREDIT ]
What really happened in this match?
Wolo.gg analyzes every decision: build order, eco, micro, common mistakes by bracket. Personalized analysis on WhatsApp or Discord in 30 seconds.
Civ guide
Vikings
Perfil
Jugador #1875104